 Dungeon Crawl Stone Soup version 0.18-a0-844-g9229740 (webtiles) character file.

38 Duffy the Chopper (level 3, -1/33 HPs)
             Began as a Hill Orc Berserker on Dec 18, 2015.
             Was a Believer of Trog.
             Killed from afar by an orc wizard (11 damage)
             ... with a puff of flame
             ... on level 3 of the Dungeon.
             The game lasted 00:01:13 (1390 turns).

Duffy the Chopper (Hill Orc Berserker)              Turns: 1390, Time: 00:01:13

Health: -1/33      AC:  3    Str: 19    XL:     3   Next: 43%
Magic:  3/3        EV: 12    Int:  8    God:    Trog [**....]
Gold:   39         SH:  0    Dex: 10    Spells: 0 memorised, 2 levels left

rFire  . . .     SeeInvis .     a - +0 hand axe
rCold  . . .     Gourm    .     b - +0 animal skin
rNeg   . . .     Faith    .     (no shield)
rPois  .         Spirit   .     m - +0 helmet
rElec  .         Dismiss  .     (no cloak)
rCorr  .         Reflect  .     (no gloves)
SustAt .         Harm     .     (no boots)
MR     .....                    (no amulet)
Stlth  +.........               (no ring)
                                (no ring)

@: confused, not resistant to hostile enchantments, very unstealthy
A: no striking features
a: Berserk, Trog's Hand, Burn Spellbooks, Renounce Religion


You were on level 3 of the Dungeon.
You worshipped Trog.
Trog was pleased with you.
You were hungry.

You visited 1 branch of the dungeon, and saw 3 of its levels.

You collected 39 gold pieces.


   Skills:
 + Level 4.1 Fighting
 * Level 4.9 Axes
 + Level 2.5 Armour
 + Level 1.7 Dodging


You had 2 spell levels left.
You didn't know any spells.

Inventory:

Hand Weapons
 a - a +0 hand axe (weapon)
Missiles
 h - 15 poisoned needles
Armour
 b - a +0 animal skin (worn)
 m - a +0 helmet (worn)
Scrolls
 d - a scroll of noise {unknown}
 e - a scroll of magic mapping {unknown}
 f - a scroll of identify {unknown}
 g - 2 scrolls of remove curse {unknown}
 i - a scroll of enchant armour {unknown}
 l - a scroll of immolation {unknown}
 o - a scroll of blinking {unknown}
 q - a scroll of amnesia {unknown}
Potions
 j - a potion of lignification {unknown}
 k - a potion of cancellation {unknown}
 p - a potion of agility {unknown}
 r - a potion of haste {unknown}
Comestibles
 c - a bread ration
 n - a meat ration

Dungeon Overview and Level Annotations

Branches:
Dungeon (3/15)

Altars:


Message History

You are too confused!
You are too confused!
You are too confused!
You are too confused!
You are too confused!
You are too confused!
You are too confused!
You are too confused!
You are too confused!
You are too confused!
You are too confused!
You are too confused!
You are too confused!
You are too confused!
You hit the orc wizard.
The orc wizard is moderately wounded.
You hit the orc but do no damage. You barely miss the orc.
The orc is lightly wounded.
The orc wizard barely misses you. The orc hits you with a dagger.
The orc wizard hits you but does no damage.
The orc barely misses you.
You bump into the rock wall.
The orc barely misses you. The orc wizard casts a spell at you.
The magic dart hits you!
You bump into the rock wall.
The orc hits you with a hand axe. The orc completely misses you.
The orc wizard hits you with a dagger of speed.
You completely miss the orc. You hit the orc.
The orc is severely wounded.
You hit the orc wizard.
The orc wizard is severely wounded.
The orc hits you with a hand axe. The orc wizard casts a spell at you.
The puff of flame hits you!
You die...

### ...#
...#
....#
#....#.
##......#
#@o......
#oo.....#
#........
#.......#
#.####.#.
#.# .#
... . #.#


You could see an orc wizard and 2 orcs.

Action                   || total
-------------------------++-------
Melee: Hand axe          ||    90
  Eat: Chunk             ||     1

Notes
Turn   | Place    | Note
--------------------------------------------------------------
     0 | D:1      | Duffy the Hill Orc Berserker began the quest for the Orb.
     0 | D:1      | Reached XP level 1. HP: 19/19 MP: 1/1
   424 | D:1      | Reached XP level 2. HP: 27/27 MP: 2/2
   539 | D:1      | Reached skill level 4 in Fighting
   818 | D:1      | Reached XP level 3. HP: 33/33 MP: 3/3
   824 | D:1      | Reached ** piety under Trog
  1390 | D:3      | Killed from afar by an orc wizard

Vault maps used:
D:1:      lightli_arrival_flooded_house, st_stairs_8
D:2:      due_unseen_surprise
D:3:      marbit_many_paths, nicolae_overflow_crystal_walls, old_standard_altar,
          first_bread, grunt_decor_one_mirror

Vanquished Creatures
  2 giant geckos
  2 giant cockroaches
  4 hobgoblins
  6 kobolds
  2 bats
  3 giant newts
  6 goblins
  6 jackals
  2 rats
33 creatures vanquished.
